Map: Abyssal Reef LE

Players

Naattt

  • Race: Protoss Protoss
  • League: Master
  • Spawn Location: 5:00

A.I. 1 (Very Easy) - Winner!

  • Race: Zerg Zerg
  • Spawn Location: 11:00

VOD

Have the link to the VOD?

Description

Time

  • Played on: Aug. 29, 2017, 7:40 p.m.
  • Length: 7:06
Show
View Real Time Build Order
Export as new Build Order

Naattt Protoss 

Build Orders: 1 Gate Expand, Zealot Archon, Dark Templar Rush 

Get SALT Encoding   

  12  0:02  Probe (Chrono Boost)  
  13  0:12  Probe (Chrono Boost)  
  14  0:19  Pylon  
  14  0:23  Probe (Chrono Boost)  
  15  0:37  Probe (Chrono Boost)  
  15  0:38  Gateway  
  16  0:44  Assimilator  
  16  0:48  Probe (Chrono Boost)  
  17  0:59  Probe (Chrono Boost)  
  18  1:09  Probe (Chrono Boost)  
  19  1:21  Nexus  
  19  1:31  Cybernetics Core  
  19  1:35  Probe (Chrono Boost)  
  20  1:40  Assimilator  
  20  1:45  Probe (Chrono Boost)  
  21  1:49  Pylon  
  21  1:56  Probe (Chrono Boost)  
  22  2:07  Probe (Chrono Boost), Warp Gate  
  22  2:08  Adept  
  25  2:17  Probe (Chrono Boost)  
  26  2:25  Twilight Council  
  26  2:28  Probe (Chrono Boost)  
  27  2:34  Probe (Chrono Boost)  
  28  2:37  Adept  
  28  2:38  Probe (Chrono Boost)  
  31  2:48  Probe (Chrono Boost)  
  32  2:52  Robotics Facility  
  32  2:54  Probe (Chrono Boost)  
  33  3:01  Probe (Chrono Boost)  
  34  3:08  Probe (Chrono Boost)  
  34  3:12  Dark Shrine  
  35  3:15  Probe (Chrono Boost)  
  36  3:23  Probe (Chrono Boost)  
  36  3:24  Gateway  
  36  3:26  Gateway  
  37  3:28  Probe (Chrono Boost)  
  39  3:34  Probe (Chrono Boost)  
  39  3:39  Probe (Chrono Boost), Warp Prism (Chrono Boost)  
  42  3:45  Pylon  
  42  3:47  Probe  
  43  3:52  Assimilator  
  43  3:53  Probe, Assimilator  
  44  4:00  Probe  
  45  4:04  Probe  
  45  4:09  Pylon  
  46  4:12  Probe  
  46  4:15  Probe  
  47  4:21  Immortal (Chrono Boost)  
  52  4:24  Probe  
  52  4:29  Dark Templar x2  
  52  4:30  Probe, Dark Templar  
  60  4:38  Pylon  
  60  4:43  Charge (Chrono Boost)  
  60  4:51  Immortal  
  60  4:59  Gateway x2  
  64  5:04  Gateway  
  64  5:08  Gateway  
  64  5:25  Immortal  
  64  5:27  Dark Templar  
  66  5:33  Archon x2  
  70  5:37  Pylon  
  70  5:38  Pylon  
  70  5:45  Pylon  
  70  5:46  Pylon  
  70  5:57  Zealot x4  
  78  6:09  Dark Templar x2  
  78  6:10  Zealot  
  84  6:13  Archon  
  84  6:19  Pylon  
  84  6:21  Pylon  
  84  6:22  Pylon  
  84  6:23  Dark Templar x2  
  84  6:24  Zealot  
  84  6:25  Zealot  
  92  6:27  Archon  
  92  6:36  Zealot  
  94  6:42  Dark Templar x2  
  94  6:44  Zealot  
  94  6:45  Zealot  
  94  6:47  Archon  
  102  6:57  Dark Templar  
  102  6:58  Zealot, Dark Templar  
  108  7:02  Archon  
Show
View Real Time Build Order
Export as new Build Order

A.I. 1 (Very Easy) Zerg - Winner!

Build Orders: Pool Only 

Get SALT Encoding   

  12  0:01  Drone  
  13  0:12  Overlord  
  13  0:16  Drone  
  14  0:36  Spawning Pool  
  14  0:37  Extractor  
  14  0:40  Drone  
  13  0:47  Drone  
  14  0:53  Overlord  
  14  1:23  Zergling x2  
  14  1:25  Queen  
  17  1:34  Roach Warren  
  17  1:36  Extractor  
  15  1:40  Drone  
  16  1:47  Drone  
  16  1:53  Zergling x2  
  18  2:08  Drone  
  19  2:15  Drone  
  20  2:22  Zergling x2  
  21  2:23  Drone  
  22  2:32  Overlord  
  22  2:38  Drone  
  23  2:45  Drone  
  24  2:51  Roach  
  24  2:52  Drone  
  27  5:27  Zergling x2  
  27  5:58  Zergling x2  
Tags
 
Add a new tag
Caveats
  • Supply blocks, unpowered buildings, or Contaminate may cause inaccurate times.
  • Supply counts are checked every 10 seconds.